[Event "Titled Tuesday Blitz August 31 2021"]
[White "Tsaruk, Maksim"]
[Black "Suarez Uriel, Adrian"]
[WhiteFideId "13511173"]
[BlackFideId "22230874"]
[WhiteElo "2184"]
[BlackElo "2300"]
[Result "1-0"]
[Round "08"]
[TimeControl "180+1"]
[Date "2021.08.31"]
[WhiteClock "0:00:07"]
[BlackClock "0:01:00"]

1. e4 c5 2. Nf3 Nc6 3. d4 cxd4 4. Nxd4 g6 5. c4 Bg7 6. Be3 Nf6 7. Nc3 O-O 8. Be2 d6 9. O-O Bd7 10. f3 Nxd4 11. Bxd4 a5 12. b3 Bc6 13. Qd2 Nd7 14. Bf2 Nc5 15. Rad1 Qb6 16. Nb5 Rfc8 17. Qg5 Qd8 18. e5 Bxb5 19. cxb5 d5 20. e6 f5 21. Qd2 Nxe6 22. Qxd5 Qxd5 23. Rxd5 Nf4 24. Bc4 Rxc4 25. bxc4 Nxd5 26. cxd5 Rd8 27. Rd1 Be5 28. Bb6 Rc8 29. Bxa5 Ra8 30. Bb4 Bd6 31. Bxd6 exd6 32. Rc1 Rxa2 33. Rc7 b6 34. Rc6 Ra1+ 35. Kf2 Rb1 36. Rxb6 Kf7 37. f4 Kf6 38. Rxd6+ Ke7 39. Re6+ Kd7 40. b6 Rb5 41. Rf6 Rxd5 42. Rf7+ Ke6 43. Rxh7 Rb5 44. b7 Rb3 45. Rg7 Kf6 46. Rc7 Ke6 47. Ke2 Kd5 48. Rg7 Ke4 49. g3 Rb2+ 50. Ke1 Ke3 51. Kd1 Kf3 52. Kc1 Rb6 53. Kc2 Kg2 54. Kc3 Kxh2 55. Kc4 Kxg3 56. Rxg6+ Rxg6 57. b8=Q Rg4 58. Kd3 Kf3 59. Qd6 Rxf4 60. Qe5 Kg4 61. Qg7+ Kf3 62. Qg1 Rg4 63. Qf1+ Kg3 64. Qxf5 Rf4 65. Qe5 Kg4 66. Ke3 Rf3+ 67. Ke4 Rf4+ 68. Qxf4+ 1-0


[Site "https://www.chess.com"]

[Event "Titled Tuesday Blitz August 31 2021"]
[White "Vachier-Lagrave, Maxime"]
[Black "Kamsky, Gata"]
[WhiteFideId "623539"]
[BlackFideId "2000024"]
[WhiteElo "2850"]
[BlackElo "2644"]
[Result "0-1"]
[Round "08"]
[TimeControl "180+1"]
[Date "2021.08.31"]
[WhiteClock "0:01:08"]
[BlackClock "0:00:56"]

1. d4 Nf6 2. c4 c6 3. Nc3 d5 4. Nf3 a6 5. Qb3 e6 6. Bg5 dxc4 7. Qxc4 b5 8. Qd3 Nbd7 9. e4 h6 10. Bxf6 Nxf6 11. Be2 c5 12. e5 Nd5 13. Nxd5 Qxd5 14. dxc5 Qxd3 15. Bxd3 Bxc5 16. Rc1 Bb4+ 17. Ke2 Bb7 18. Rc7 Bd5 19. Rhc1 Ba5 20. Rc8+ Kd7 21. Rxh8 Rxh8 22. a3 Bc7 23. a4 bxa4 24. Bxa6 Rb8 25. Rc2 Bxf3+ 26. Kxf3 Bxe5 27. Rc4 Rb3+ 28. Kg4 Rxb2 29. Rxa4 Rxf2 30. Bb7 Bxh2 31. g3 Rb2 32. Bf3 f5+ 33. Kh5 Bxg3 34. Ra7+ Kd6 35. Rxg7 Bf4 36. Ra7 Rb3 37. Be2 Ke5 38. Ra6 Re3 39. Bf1 Kf6 40. Ra8 Bg5 41. Bg2 Re2 42. Bh3 Rh2 43. Ra3 e5 44. Rf3 f4 45. Ra3 e4 46. Kg4 Rh1 47. Bg2 Rh4# 0-1


[Site "https://www.chess.com"]

[Event "Titled Tuesday Blitz August 31 2021"]
[White "Vasli, Aref"]
[Black "Mikhailovsky, Vladimir"]
[WhiteFideId "417521"]
[BlackFideId "34105414"]
[WhiteElo "2517"]
[BlackElo "2706"]
[Result "1/2-1/2"]
[Round "08"]
[TimeControl "180+1"]
[Date "2021.08.31"]
[WhiteClock "0:00:29"]
[BlackClock "0:00:08"]

1. e4 d5 2. exd5 Qxd5 3. Nc3 Qd6 4. Nf3 Nf6 5. d4 c6 6. Ne5 Nbd7 7. Nc4 Qe6+ 8. Be2 Nb6 9. Nxb6 axb6 10. O-O g6 11. Bf3 Bg7 12. d5 Qd7 13. Re1 cxd5 14. Nxd5 Nxd5 15. Qxd5 Qxd5 16. Bxd5 e6 17. Bf3 Ke7 18. c3 Rd8 19. Be3 b5 20. Bc5+ Ke8 21. a3 Ra6 22. Rad1 Rxd1 23. Rxd1 Bf6 24. Be2 Bd7 25. Rxd7 Kxd7 26. Bxb5+ Rc6 27. Kf1 Kc7 28. Bxc6 Kxc6 29. Bf8 Kd5 30. b3 Bxc3 31. Ke2 Be5 32. h3 f5 33. Kd3 Bd4 34. f4 e5 35. fxe5 Bxe5 36. a4 h5 37. b4 g5 38. a5 g4 39. b5 f4 40. hxg4 hxg4 41. Be7 Bd4 42. Bg5 f3 43. gxf3 gxf3 44. a6 bxa6 45. bxa6 f2 46. Ke2 Ke4 47. Bh4 f1=Q+ 48. Kxf1 Kf3 49. Be1 Ba7 50. Bb4 Ke4 51. Ke2 Kd5 52. Kd3 Kc6 53. Kc4 Kb6 54. Bc5+ Kxa6 1/2-1/2


[Site "https://www.chess.com"]

[Event "Titled Tuesday Blitz August 31 2021"]
[White "Visakh N R"]
[Black "Svane, Frederik"]
[WhiteFideId "25012223"]
[BlackFideId "12923044"]
[WhiteElo "2428"]
[BlackElo "2459"]
[Result "1-0"]
[Round "08"]
[TimeControl "180+1"]
[Date "2021.08.31"]
[WhiteClock "0:00:07"]
[BlackClock "0:00:02"]

1. c4 c5 2. Nc3 g6 3. g3 Bg7 4. Bg2 Nc6 5. Nf3 d6 6. O-O Bf5 7. d3 Qd7 8. Nd5 Nf6 9. Nxf6+ Bxf6 10. Re1 Bh3 11. Bh1 h5 12. Bg5 h4 13. Bxf6 exf6 14. Qd2 hxg3 15. fxg3 Kf8 16. Qf4 Kg7 17. d4 cxd4 18. Nxd4 Nxd4 19. Qxd4 Rae8 20. Rad1 Re5 21. Qxa7 Qf5 22. Qf2 Qe6 23. Bd5 Qe7 24. Rd4 Be6 25. Bh1 Qc7 26. b3 Qa5 27. a4 Rf5 28. Bf3 Qc3 29. Rd3 Qb4 30. Red1 Re5 31. Qd4 Rd8 32. h4 Bf5 33. Re3 Rxe3 34. Qxe3 Bc2 35. Ra1 b6 36. h5 gxh5 37. Kf2 Qxb3 38. Qxb3 Bxb3 39. Bd5 Rc8 40. Rb1 Bxc4 41. Bf3 Rb8 42. a5 1-0


[Site "https://www.chess.com"]

[Event "Titled Tuesday Blitz August 31 2021"]
[White "Vivas Zamora, Fabian Ernesto"]
[Black "Aldokhin, Ivan"]
[WhiteFideId "3902480"]
[BlackFideId "24115720"]
[WhiteElo "1966"]
[BlackElo "2306"]
[Result "0-1"]
[Round "08"]
[TimeControl "180+1"]
[Date "2021.08.31"]
[WhiteClock "0:00:15"]
[BlackClock "0:02:21"]

1. c4 Nf6 2. Nc3 g6 3. g3 d6 4. Bg2 Bg7 5. d4 O-O 6. Nf3 Nc6 7. O-O Bf5 8. e3 e5 9. d5 Nb4 10. Ne1 e4 11. a3 Na6 12. Rb1 Nc5 13. b4 Ncd7 14. Nc2 Ne5 15. Qe2 Bg4 16. Qd2 Nxc4 17. Qd4 Nb6 18. Nxe4 Nxe4 19. Qxe4 Bf5 0-1


[Site "https://www.chess.com"]

[Event "Titled Tuesday Blitz August 31 2021"]
[White "Vlassov, Nikolai"]
[Black "Shkapenko, Pavel"]
[WhiteFideId "4103360"]
[BlackFideId "4151933"]
[WhiteElo "2609"]
[BlackElo "2723"]
[Result "1/2-1/2"]
[Round "08"]
[TimeControl "180+1"]
[Date "2021.08.31"]
[WhiteClock "0:00:39"]
[BlackClock "0:00:21"]

1. e4 e5 2. Bc4 Nf6 3. d3 c6 4. Nf3 d5 5. Bb3 Bd6 6. Nc3 Be6 7. Bg5 d4 8. Ne2 Nbd7 9. c3 Bxb3 10. Qxb3 Nc5 11. Qc2 Ne6 12. cxd4 Nxg5 13. Nxg5 exd4 14. O-O Bxh2+ 15. Kxh2 Ng4+ 16. Kg1 Qxg5 17. Nxd4 O-O 18. Nf3 Qh5 19. Rac1 Rad8 20. Rfd1 Rfe8 21. d4 Re6 22. Qc5 Qxc5 23. dxc5 Rde8 24. Rd7 R6e7 25. Rcd1 Kf8 26. Rxe7 Rxe7 27. Rd4 Ke8 28. Nd2 Rd7 29. Rxd7 Kxd7 30. Nc4 Nf6 31. f3 Ne8 32. Kf2 Kc7 33. Ke3 b5 34. Ne5 f6 35. Nd3 Kd7 36. g4 Nc7 37. f4 a5 38. f5 Na6 39. Kd4 Ke7 40. e5 Nc7 41. e6 Nd5 42. a3 g6 43. b4 axb4 44. Nxb4 Nxb4 45. axb4 g5 46. Ke4 Ke8 47. Kf3 Ke7 48. Kg3 Ke8 49. Kh3 Ke7 50. Kg2 Ke8 51. Kh3 Ke7 52. Kg2 Ke8 53. Kh3 1/2-1/2


[Site "https://www.chess.com"]

[Event "Titled Tuesday Blitz August 31 2021"]
[White "Wagner, Dennis"]
[Black "Boyer, Mahel"]
[WhiteFideId "24650684"]
[BlackFideId "45102422"]
[WhiteElo "2355"]
[BlackElo "2328"]
[Result "0-1"]
[Round "08"]
[TimeControl "180+1"]
[Date "2021.08.31"]
[WhiteClock "0:00:01"]
[BlackClock "0:01:40"]

1. e4 Nc6 2. Nf3 d5 3. exd5 Qxd5 4. Nc3 Qh5 5. Be2 Bg4 6. d4 O-O-O 7. Be3 e5 8. d5 Nf6 9. h3 Nb4 10. Bc4 e4 11. Qd4 Nxc2+ 12. Kf1 Nxd4 13. Nxd4 Bb4 14. Rc1 a6 15. Kg1 Bd7 16. Bb3 Qe5 17. Nde2 Bb5 18. Bf4 Qe7 19. Nxb5 axb5 20. Nd4 Nxd5 21. Nf5 Qf6 22. Bxd5 Rxd5 23. Rxc7+ Kd8 24. g4 Rxf5 25. gxf5 Qxf5 26. Bg3 h5 27. Kh2 Bd6 28. Rd1 Qxf2+ 29. Kh1 Qxg3 30. Rxb7 Qf3+ 0-1


[Site "https://www.chess.com"]

[Event "Titled Tuesday Blitz August 31 2021"]
[White "Weetik, Vjacheslav"]
[Black "Seemann, Jakub"]
[WhiteFideId "4153472"]
[BlackFideId "21874697"]
[WhiteElo "2469"]
[BlackElo "1805"]
[Result "1/2-1/2"]
[Round "08"]
[TimeControl "180+1"]
[Date "2021.08.31"]
[WhiteClock "0:00:06"]
[BlackClock "0:00:10"]

1. d4 Nf6 2. Bf4 b6 3. Nf3 Bb7 4. e3 d6 5. c4 Nbd7 6. Nc3 g6 7. h3 Bg7 8. Bh2 O-O 9. Qc2 Re8 10. Be2 e5 11. O-O exd4 12. exd4 Ne4 13. Nd5 Ndf6 14. Ne3 Qe7 15. Qd3 Bh6 16. Nc2 Ng3 17. Bxg3 Qxe2 18. Qb3 Bxf3 19. gxf3 Nh5 20. Rfe1 Qd2 21. Rad1 Qg5 22. Kh2 Nf4 23. Ne3 Qh5 24. Bxf4 Bxf4+ 25. Kg2 Qg5+ 26. Kf1 Re6 27. Nd5 Bh2 28. Rxe6 fxe6 29. Ne3 Rf8 30. Ke2 Bf4 31. c5 d5 32. Qd3 Qh5 33. Rg1 Bh6 34. Ng4 Bg7 35. Rg3 Qf5 36. Qxf5 exf5 37. Ne5 Bxe5 38. dxe5 bxc5 39. f4 Rb8 40. b3 Kf7 41. Rc3 Rb5 42. a4 Ra5 43. b4 cxb4 44. Rxc7+ Ke6 45. Rxh7 Rxa4 46. Rg7 Ra2+ 47. Kd3 Ra3+ 48. Kc2 Ra2+ 49. Kb3 Rxf2 50. Rxg6+ Ke7 51. Rg7+ Kf8 52. Rxa7 Rxf4 53. e6 Re4 54. Rf7+ Ke8 55. Rxf5 Rxe6 56. Rxd5 Re3+ 57. Kxb4 Rxh3 58. Kc5 Ke7 59. Re5+ Kf6 60. Re1 Rc3+ 61. Kd4 Rc8 62. Rf1+ Ke6 63. Rh1 Ra8 64. Rh6+ Kd7 65. Kc5 Ra5+ 66. Kb4 Ra1 67. Rh7+ Kc6 68. Rh6+ Kd5 69. Rh5+ Kc6 70. Kb3 Rf1 71. Rh3 Rf4 72. Kc3 Kc5 73. Rh5+ Kd6 74. Rh6+ Ke5 75. Rh5+ Ke4 76. Rb5 Rf3+ 77. Kc4 Rf1 78. Rb2 Rc1+ 79. Kb3 Kd3 80. Rh2 Rb1+ 81. Ka2 Rb8 82. Rh3+ Kc2 83. Rh2+ Kc3 84. Rh3+ Kc2 85. Rh2+ Kc3 86. Rh3+ Kc2 1/2-1/2


[Site "https://www.chess.com"]

[Event "Titled Tuesday Blitz August 31 2021"]
[White "Xiong, Jeffery"]
[Black "Ivanchuk, Vasyl"]
[WhiteFideId "2047640"]
[BlackFideId "14100010"]
[WhiteElo "2724"]
[BlackElo "2710"]
[Result "1-0"]
[Round "08"]
[TimeControl "180+1"]
[Date "2021.08.31"]
[WhiteClock "0:02:12"]
[BlackClock "0:01:49"]

1. d4 Nf6 2. Nf3 e6 3. Bf4 b6 4. Nbd2 Bb7 5. e3 Be7 6. h3 O-O 7. Bd3 d5 8. O-O c5 9. c3 Ba6 10. Bxa6 Nxa6 11. Ne5 Nb8 12. Qe2 Nfd7 13. Nd3 Nc6 14. Bg3 Rc8 15. a4 Re8 16. Rfd1 Bf8 17. b3 g6 18. Rac1 Bg7 19. dxc5 bxc5 20. e4 Nb6 21. Nxc5 d4 22. Nf3 Qe7 23. cxd4 Nxd4 24. Nxd4 Rxc5 25. Nc6 Qf8 26. Bd6 Qxd6 27. Rxd6 Rxc1+ 28. Kh2 Nc8 29. Qd2 Nxd6 30. Qxc1 Nxe4 31. Qe3 Nc3 32. Qxa7 1-0


[Site "https://www.chess.com"]

[Event "Titled Tuesday Blitz August 31 2021"]
[White "Zhigalko, Sergei"]
[Black "Le, Tuan Minh"]
[WhiteFideId "13502956"]
[BlackFideId "12401153"]
[WhiteElo "2662"]
[BlackElo "2450"]
[Result "1/2-1/2"]
[Round "08"]
[TimeControl "180+1"]
[Date "2021.08.31"]
[WhiteClock "0:00:14"]
[BlackClock "0:00:25"]

1. e4 c5 2. Nf3 Nf6 3. e5 Nd5 4. c3 Nc6 5. Bc4 Nb6 6. Bb3 d5 7. exd6 exd6 8. O-O Be7 9. d4 cxd4 10. Nxd4 O-O 11. Bf4 d5 12. Re1 Bd6 13. Bg3 Bxg3 14. hxg3 Qf6 15. Qf3 Qg6 16. Nd2 Nxd4 17. cxd4 Be6 18. Qf4 Rac8 19. Nf3 Qf6 20. Qxf6 gxf6 21. Rac1 Rxc1 22. Rxc1 Rc8 23. Rxc8+ Nxc8 24. Kf1 Kf8 25. Ne1 Nd6 26. Ke2 Ke7 27. Nc2 Nc8 28. Ne3 Kd6 29. Bc2 h6 30. Kf3 Ne7 31. Bd3 a5 32. Kf4 Nc6 33. Nc2 b6 34. Ke3 Ne7 35. Na3 Bf5 36. Nb5+ Kc6 37. Na7+ Kb7 38. Nb5 Kc6 39. Na7+ Kb7 40. Nb5 Kc6 1/2-1/2


[Site "https://www.chess.com"]

[Event "Titled Tuesday Blitz August 31 2021"]
[White "deribas12345"]
[Black "Haykoooo0o"]
[WhiteElo "2581"]
[BlackElo "2410"]
[Result "1-0"]
[Round "08"]
[TimeControl "180+1"]
[Date "2021.08.31"]
[WhiteClock "0:00:04"]
[BlackClock "0:00:01"]

1. d4 d5 2. c4 e6 3. Nf3 Nf6 4. g3 Nbd7 5. Bg2 c6 6. O-O Be7 7. b3 O-O 8. Bb2 b6 9. Nc3 Bb7 10. Rc1 Rc8 11. cxd5 cxd5 12. a3 Ba6 13. b4 Bc4 14. Nd2 b5 15. Nxc4 bxc4 16. e4 Nb6 17. e5 Nfd7 18. f4 g6 19. g4 Re8 20. Rc2 Nb8 21. f5 Bf8 22. Bc1 Qd7 23. fxg6 fxg6 24. Rcf2 Bg7 25. Bg5 Rf8 26. Bf6 Rf7 27. g5 Rcf8 28. Bh3 Nc6 29. Qg4 Re8 30. Bxg7 Rxf2 31. Rxf2 Kxg7 32. Rf6 Nd8 33. Qh4 Nf7 34. Ne2 c3 35. Nxc3 Qc7 36. Rf3 Qe7 37. Rf6 Qc7 38. Ne2 Qc2 39. Bf1 Qd2 40. Rxf7+ Kxf7 41. Qxh7+ Kf8 42. Qxg6 Qe3+ 43. Kg2 Ke7 44. Qf6+ Kd7 45. Nf4 Qe4+ 46. Kg3 Qe3+ 47. Kg4 Qg1+ 48. Bg2 Qd1+ 49. Bf3 Qxd4 50. g6 Nc4 51. Kg5 Qxe5+ 52. Qf5 1-0


[Site "https://www.chess.com"]

[Event "Titled Tuesday Blitz August 31 2021"]
[White "Aditya Mittal"]
[Black "Potapova, Margarita"]
[WhiteFideId "35042025"]
[BlackFideId "14126869"]
[WhiteElo "2171"]
[BlackElo "2214"]
[Result "1-0"]
[Round "09"]
[TimeControl "180+1"]
[Date "2021.08.31"]
[WhiteClock "0:01:30"]
[BlackClock "0:00:07"]

1. d4 Nf6 2. c4 e6 3. Nc3 Bb4 4. f3 d5 5. a3 Be7 6. e4 dxe4 7. fxe4 c5 8. d5 exd5 9. exd5 O-O 10. Nf3 Re8 11. Be2 a6 12. O-O Bd6 13. Bg5 Nbd7 14. Bd3 Qc7 15. Qd2 Ng4 16. h3 Nge5 17. Rae1 Nxf3+ 18. Rxf3 Ne5 19. Rfe3 Bd7 20. Ne4 Nxd3 21. Nxd6 Qxd6 22. Qxd3 b5 23. Be7 Qf4 24. Re4 Qc7 25. d6 Qc6 26. Qg3 Bf5 27. Re5 Bg6 28. h4 f6 29. R5e3 Bf7 30. Bxf6 g6 31. Re7 Rxe7 32. Rxe7 Re8 33. Qf4 bxc4 34. Qh6 1-0


[Site "https://www.chess.com"]

[Event "Titled Tuesday Blitz August 31 2021"]
[White "Aldokhin, Ivan"]
[Black "Krivonosov, Oleg"]
[WhiteFideId "24115720"]
[BlackFideId "11600349"]
[WhiteElo "2306"]
[BlackElo "2469"]
[Result "1-0"]
[Round "09"]
[TimeControl "180+1"]
[Date "2021.08.31"]
[WhiteClock "0:00:22"]
[BlackClock "0:00:19"]

1. e4 e5 2. Nf3 Nc6 3. Bb5 Nf6 4. O-O Nxe4 5. Re1 Nd6 6. Bxc6 dxc6 7. Nxe5 Be7 8. b3 O-O 9. Bb2 Re8 10. Nc3 Bf8 11. Ne2 f6 12. Nd3 Be6 13. Ng3 Bf7 14. Qf3 Qd7 15. Nc5 Qc8 16. Re3 Rxe3 17. fxe3 b6 18. Nce4 Nxe4 19. Nxe4 Qe6 20. Rf1 Bg6 21. Ng3 Re8 22. Nf5 Bxf5 23. Qxf5 Qxf5 24. Rxf5 Kf7 25. Kf2 Ke6 26. Rf3 Bd6 27. h4 h5 28. e4 c5 29. Rf5 Rh8 30. Ke3 Be7 31. c3 g6 32. Rf1 f5 33. d4 fxe4 34. Kxe4 c6 35. c4 cxd4 36. Bxd4 Rf8 37. Rh1 Bd6 38. Be3 Bc5 39. Re1 Bb4 40. Rd1 Be7 41. Bf4 Rd8 42. Rh1 Rd4+ 43. Kxd4 1-0


[Site "https://www.chess.com"]

[Event "Titled Tuesday Blitz August 31 2021"]
[White "Andreikin, Dmitry"]
[Black "Zhigalko, Sergei"]
[WhiteFideId "4158814"]
[BlackFideId "13502956"]
[WhiteElo "2782"]
[BlackElo "2662"]
[Result "1/2-1/2"]
[Round "09"]
[TimeControl "180+1"]
[Date "2021.08.31"]
[WhiteClock "0:00:48"]
[BlackClock "0:00:05"]

1. Nf3 d5 2. d4 e6 3. c4 c6 4. g3 dxc4 5. Bg2 b5 6. O-O Bb7 7. b3 cxb3 8. Qxb3 Nf6 9. a4 a6 10. Rd1 Be7 11. Ba3 O-O 12. Ne5 Nd5 13. Nc3 Bxa3 14. Rxa3 Nd7 15. Nxd7 Qxd7 16. Ne4 b4 17. Nc5 Qe7 18. Bxd5 bxa3 19. Bc4 Rfb8 20. Qxa3 a5 21. Qe3 Bc8 22. Qe4 Rb4 23. Qxc6 Bb7 24. Nxb7 Qxb7 25. Qxb7 Rxb7 26. Bb5 Rc7 27. e4 Rac8 28. Kg2 Rc1 29. Rd3 R8c3 30. Rd2 R1c2 31. Rd1 Rc1 32. Rd2 R1c2 33. Rd1 Rc1 34. Rd2 1/2-1/2


[Site "https://www.chess.com"]

[Event "Titled Tuesday Blitz August 31 2021"]
[White "Baches Garcia, Guillermo"]
[Black "Nilsen, Tobias Lang"]
[WhiteFideId "2209764"]
[BlackFideId "1521624"]
[WhiteElo "2511"]
[BlackElo "1975"]
[Result "1/2-1/2"]
[Round "09"]
[TimeControl "180+1"]
[Date "2021.08.31"]
[WhiteClock "0:00:42"]
[BlackClock "0:00:45"]

1. e4 e6 2. d4 d5 3. exd5 exd5 4. Nf3 Nf6 5. Bd3 c5 6. O-O c4 7. Re1+ Be7 8. Bf1 O-O 9. b3 cxb3 10. axb3 Nc6 11. Ne5 Bf5 12. Ba3 Bxa3 13. Nxa3 Re8 14. Bb5 Rc8 15. c4 Re6 16. cxd5 Nxd5 17. Bxc6 bxc6 18. Nac4 f6 19. Nf3 Rxe1+ 20. Qxe1 Qd7 21. Qa5 Bc2 22. Qa2 Nb4 23. Qxa7 Qxa7 24. Rxa7 Bxb3 25. Nd6 Rd8 26. Nf5 Bf7 27. Rb7 Nd5 28. h3 Kf8 29. Ne3 Re8 30. Nf5 Rd8 31. Ne3 Re8 32. Nf5 Rd8 1/2-1/2


[Site "https://www.chess.com"]

[Event "Titled Tuesday Blitz August 31 2021"]
[White "Baskin, Robert"]
[Black "Iskusnyh, Sergei"]
[WhiteFideId "24662402"]
[BlackFideId "4120027"]
[WhiteElo "2462"]
[BlackElo "2492"]
[Result "1-0"]
[Round "09"]
[TimeControl "180+1"]
[Date "2021.08.31"]
[WhiteClock "0:00:13"]
[BlackClock "0:00:06"]

1. e4 e6 2. d4 d5 3. Nc3 Nf6 4. Bg5 dxe4 5. Nxe4 Nbd7 6. Nf3 h6 7. Nxf6+ Nxf6 8. Be3 Bd6 9. Bd3 b6 10. Ne5 O-O 11. Qf3 Nd5 12. Bd2 Bb7 13. O-O-O Bxe5 14. dxe5 Qh4 15. Rhe1 Qa4 16. Re4 Qxa2 17. Bxh6 Ne7 18. Bxg7 Bxe4 19. Qxe4 Ng6 20. Bf6 Rad8 21. Qe3 Qa1+ 22. Kd2 Qxb2 23. Qh6 Rxd3+ 24. Kxd3 Rd8+ 25. Ke3 Qa3+ 26. Ke2 Qa6+ 27. Rd3 Nf4+ 28. Qxf4 Rxd3 29. cxd3 Qa2+ 30. Kf3 Kf8 31. Qd4 Kg8 32. Qd8+ Kh7 33. Qh8+ Kg6 34. Qg7+ Kf5 35. Qg5# 1-0


[Site "https://www.chess.com"]

[Event "Titled Tuesday Blitz August 31 2021"]
[White "Begunov, Konstantin"]
[Black "Do Valle Cardoso, Lucas"]
[WhiteFideId "4118510"]
[BlackFideId "2163144"]
[WhiteElo "2262"]
[BlackElo "2387"]
[Result "0-1"]
[Round "09"]
[TimeControl "180+1"]
[Date "2021.08.31"]
[WhiteClock "0:00:02"]
[BlackClock "0:01:14"]

1. d4 Nf6 2. c4 g6 3. f3 e5 4. dxe5 Nh5 5. g3 Nc6 6. Nc3 Nxe5 7. e4 Bg7 8. f4 Nc6 9. Be2 Nf6 10. e5 Ng8 11. Nf3 Nge7 12. O-O O-O 13. Ne4 d6 14. exd6 Nf5 15. c5 cxd6 16. Nxd6 Qa5 17. Qc2 Nfd4 18. Nxd4 Nxd4 19. Qc4 Be6 20. Qd3 Qxc5 21. Ne4 Nxe2+ 22. Kg2 Qc4 0-1


[Site "https://www.chess.com"]

[Event "Titled Tuesday Blitz August 31 2021"]
[White "Bernadskiy, Vitaliy"]
[Black "Kollars, Dmitrij"]
[WhiteFideId "14100371"]
[BlackFideId "12909572"]
[WhiteElo "2510"]
[BlackElo "2576"]
[Result "1-0"]
[Round "09"]
[TimeControl "180+1"]
[Date "2021.08.31"]
[WhiteClock "0:00:23"]
[BlackClock "0:00:16"]

1. e4 e6 2. d4 d5 3. Nc3 Nf6 4. Bg5 dxe4 5. Nxe4 Be7 6. Bxf6 gxf6 7. Nf3 b6 8. Bb5+ c6 9. Bc4 Bb7 10. Qe2 Qc7 11. O-O-O Nd7 12. Kb1 O-O-O 13. Ba6 h5 14. Bxb7+ Kxb7 15. Ng3 Bd6 16. Nh4 Rdg8 17. Nxh5 Rg5 18. g4 Bxh2 19. Nf3 Rgxh5 20. gxh5 Bf4 21. c4 Qd6 22. d5 exd5 23. cxd5 c5 24. Nd2 Qxd5 25. Nc4 Qc6 26. Qe7 Bc7 27. h6 Ne5 28. Nxe5 fxe5 29. Qxf7 Rxh6 30. Rxh6 Qxh6 31. Qd5+ Kb8 32. a3 Qh2 33. Rh1 1-0


[Site "https://www.chess.com"]

[Event "Titled Tuesday Blitz August 31 2021"]
[White "Blomqvist, Erik"]
[Black "Jarovinsky, Alexey"]
[WhiteFideId "1709437"]
[BlackFideId "14115131"]
[WhiteElo "2460"]
[BlackElo "2446"]
[Result "0-1"]
[Round "09"]
[TimeControl "180+1"]
[Date "2021.08.31"]
[WhiteClock "0:00:02"]
[BlackClock "0:00:09"]

1. e4 Nc6 2. d4 d5 3. e5 Bf5 4. c3 f6 5. f4 e6 6. Nd2 Nh6 7. Ndf3 Be7 8. Bd3 O-O 9. Ne2 Qe8 10. O-O fxe5 11. fxe5 Bxd3 12. Qxd3 Nf5 13. Bd2 Na5 14. b3 b6 15. Nf4 Qd7 16. Rf2 c5 17. Raf1 cxd4 18. cxd4 Nc6 19. Nh5 Qe8 20. g4 Nh4 21. Ng5 Qg6 22. Rxf8+ Bxf8 23. Qxg6 hxg6 24. Nf4 Nxd4 25. Be3 Bc5 26. Kf2 Rf8 27. Kg3 Nhf5+ 28. gxf5 Nxf5+ 29. Kh3 Nxe3 30. Rf3 Rf5 31. Ngxe6 g5 32. Nxc5 g4+ 33. Kg3 gxf3 34. Kxf3 bxc5 35. Kxe3 Rxe5+ 36. Kf3 g5 37. Ng6 Re6 0-1


[Site "https://www.chess.com"]

[Event "Titled Tuesday Blitz August 31 2021"]
[White "Boyer, Mahel"]
[Black "Zubov, Alexander"]
[WhiteFideId "45102422"]
[BlackFideId "14109409"]
[WhiteElo "2328"]
[BlackElo "2740"]
[Result "0-1"]
[Round "09"]
[TimeControl "180+1"]
[Date "2021.08.31"]
[WhiteClock "0:00:08"]
[BlackClock "0:00:04"]

1. d4 d5 2. c4 c6 3. cxd5 cxd5 4. Bf4 Nf6 5. Nc3 Nc6 6. e3 a6 7. Be2 Bf5 8. g4 Be6 9. Bf3 g6 10. g5 Nd7 11. Bxd5 Bxd5 12. Nxd5 Qa5+ 13. Nc3 e5 14. dxe5 Ndxe5 15. Kf1 Rd8 16. Qb3 Bg7 17. Kg2 O-O 18. Nge2 Nd3 19. h4 Qf5 20. Qxb7 Nxf4+ 21. Nxf4 Qg4+ 22. Kf1 Bxc3 23. Qxc6 Bxb2 24. Rb1 Rd2 25. Qe4 Rfd8 26. Re1 Rd1 27. f3 Qd7 28. Kg2 Rd2+ 29. Kg3 Ba3 30. Re2 Rxe2 31. Nxe2 Bd6+ 32. f4 Bc5 33. Qf3 Qd2 34. Rc1 Bxe3 35. Rc7 Re8 36. Qc6 Qe1+ 37. Kh3 Qf1+ 38. Qg2 Qd1 39. Qc6 Rf8 40. Qf3 Qd2 41. Re7 Bc5 42. Re5 Bd6 43. Rd5 Qb4 44. Rd4 Qc5 45. Rd5 Qc7 46. f5 Re8 47. fxg6 hxg6 48. h5 Bc5 49. Ng3 Re3 50. Qg4 Qe7 51. hxg6 fxg6 52. Rd7 Qe6 53. Qxe6+ Rxe6 54. Kg4 Bd6 55. Ne2 Be5 56. Nd4 Rb6 57. Rd8+ Kf7 58. Rd7+ Ke8 59. Rd5 Bg7 60. Nb3 Rb4+ 61. Kf3 Ke7 62. Ra5 Rb6 63. Nc5 Bd4 64. Nb3 Bg1 65. Re5+ Kd6 66. Re2 Kd5 67. Rd2+ Kc4 68. Rc2+ Kd3 69. Rg2 Rb5 70. Rxg1 Rf5+ 71. Kg4 Rf2 72. Rg3+ Kc4 73. Rf3 Rxa2 74. Nc1 Ra1 75. Rf4+ Kd5 76. Nb3 Ra3 77. Nd2 Rd3 78. Nc4 Rd4 79. Nb6+ Kc5 80. Na4+ Kc4 81. Rxd4+ Kxd4 82. Kf4 Kd5 83. Nb2 Kd4 84. Na4 a5 85. Nb6 Kc5 86. Ke5 Kxb6 87. Kf6 a4 88. Kxg6 a3 89. Kh7 a2 90. g6 a1=Q 91. g7 Qh1+ 92. Kg8 Kc7 93. Kf8 Qf3+ 94. Ke7 Qg4 95. Kf8 Qf5+ 96. Ke7 Qg6 97. Kf8 Qf6+ 98. Ke8 Qe5+ 99. Kf7 Qf5+ 100. Ke8 Qg6+ 101. Kf8 Qh6 102. Kf7 Qh7 103. Kf8 Qf5+ 104. Ke8 Qd7+ 105. Kf8 Qd6+ 106. Kf7 Qf4+ 107. Ke8 Qe5+ 108. Kf8 Qf6+ 109. Ke8 Kd6 110. g8=Q Qe7# 0-1


[Site "https://www.chess.com"]

[Event "Titled Tuesday Blitz August 31 2021"]
[White "Brunner, Nicolas"]
[Black "Al-Tarboush, Ward"]
[WhiteFideId "620246"]
[BlackFideId "7601450"]
[WhiteElo "2372"]
[BlackElo "2319"]
[Result "0-1"]
[Round "09"]
[TimeControl "180+1"]
[Date "2021.08.31"]
[WhiteClock "0:00:13"]
[BlackClock "0:01:21"]

1. d4 d5 2. c4 c6 3. Nf3 Nf6 4. e3 e6 5. Nbd2 Nbd7 6. Bd3 c5 7. O-O Bd6 8. b3 O-O 9. Bb2 cxd4 10. exd4 b6 11. Rc1 Bb7 12. Re1 Qe7 13. Ne5 Rac8 14. Ndf3 Bb4 15. Re3 Ne4 16. Nxd7 Qxd7 17. Ne5 Qe7 18. Rh3 f5 19. Qh5 Nf6 20. Qh4 dxc4 21. Bxc4 Rfd8 22. Rd1 a6 23. a4 Qd6 24. Rdd3 b5 25. Rdg3 Qe7 26. axb5 axb5 27. Bd3 Bc3 28. Bxc3 Rxc3 29. f3 Rc1+ 30. Bf1 b4 31. Kf2 Ra8 32. Rg6 Ra2+ 33. Kg1 Raa1 0-1


[Site "https://www.chess.com"]

[Event "Titled Tuesday Blitz August 31 2021"]
[White "Chernomordik, Pavel"]
[Black "Demin, Vladimir"]
[WhiteFideId "2804530"]
[BlackFideId "4167457"]
[WhiteElo "2256"]
[BlackElo "2543"]
[Result "1-0"]
[Round "09"]
[TimeControl "180+1"]
[Date "2021.08.31"]
[WhiteClock "0:00:39"]
[BlackClock "0:00:04"]

1. e4 Nf6 2. Nc3 d5 3. e5 Ne4 4. Nce2 c5 5. d3 Nxf2 6. Kxf2 Nc6 7. Nf3 Bg4 8. Bf4 e6 9. Ng3 h5 10. h3 h4 11. Ne2 Bxf3 12. gxf3 g5 13. Bh2 Bg7 14. d4 cxd4 15. Nxd4 Qb6 16. c3 Nxe5 17. Bb5+ Ke7 18. Re1 Ng6 19. Qa4 Nf4 20. Kf1 Bxd4 21. cxd4 a6 22. Qa3+ Kf6 23. Bd3 Qxd4 24. Rad1 Rhc8 25. Bg1 Qe5 26. Rxe5 Kxe5 27. Re1+ Kf6 28. Bd4+ e5 29. Bxe5+ Ke6 30. Bxf4+ 1-0


[Site "https://www.chess.com"]